 Dungeon Crawl Stone Soup version 0.21-a0-402-gcbae7d1 (webtiles) character file.

2986 krum85 the Fighter (level 9, -6/129 HPs)
             Began as a Minotaur Berserker on Oct 26, 2017.
             Was an Elder of Trog.
             Mangled by a killer bee (7 damage)
             ... on level 10 of the Dungeon.
             The game lasted 01:18:32 (5944 turns).

krum85 the Fighter (Minotaur Berserker)             Turns: 5944, Time: 01:18:33

Health: -6/129     AC:  3    Str: 30    XL:     9   Next: 53%
Magic:  2/2        EV: 13    Int:  4    God:    Trog [****..]
Gold:   302        SH:  0    Dex: 10    Spells: 8/8 levels left

rFire    . . .     SeeInvis +   v - +3 war axe "Zueqeofe" {antimagic, +Fly MR+}
rCold    . . .     Gourm    .   (no shield)
rNeg     . . .     Faith    .   I - -1 leather armour (curse)
rPois    .         Spirit   .   (helmet restricted)
rElec    .         Reflect  .   F - +0 cloak
rCorr    .         Harm     .   (no gloves)
MR       +....                  (no boots)
Stlth    ..........             n - amulet of regeneration
HPRegen  0.71/turn              j - ring of see invisible
MPRegen  0.08/turn              (no ring)

@: berserking, lethally poisoned (-6 -> -38), very quick
A: retaliatory headbutt, horns 2
a: Berserk, Trog's Hand, Brothers in Arms, Burn Spellbooks, Renounce Religion,
Evoke Flight


You were on level 10 of the Dungeon.
You worshipped Trog.
Trog was greatly pleased with you.
You were near starving.

You visited 2 branches of the dungeon, and saw 11 of its levels.

You collected 302 gold pieces.

Inventory:

Hand Weapons
 a - a +0 arbalest
 s - a +0 hunting sling
 t - a +0 blowgun
 v - the +3 war axe "Zueqeofe" (weapon) {antimagic, +Fly MR+}
   (You found it on level 5 of the Dungeon)

   It reduces the magical energy of the wielder, and disrupts the spells and
   magical abilities of those hit.
   Natural abilities and divine invocations are not affected.
   It affects your resistance to hostile enchantments.
   It lets you fly.
 y - a +0 great sword
 G - a +1 vampiric short sword
 H - a +0 shortbow
 M - a +0 dire flail
 N - a +0 battleaxe
Missiles
 b - 8 tomahawks
 g - 362 stones
 r - 23 poisoned needles
 x - 68 sling bullets
 A - 47 arrows
 B - 2 javelins (quivered)
 E - 8 curare-tipped needles
Armour
 k - a +2 ring mail of cold resistance
 F - a +0 cloak (worn)
 I - a cursed -1 leather armour (worn)
 J - a +2 robe of positive energy
 O - a +0 plate armour
Jewellery
 j - a ring of see invisible (left hand)
 n - an amulet of regeneration (around neck)
 C - an uncursed amulet of guardian spirit
Wands
 L - a wand of scattershot (3/9)
Scrolls
 d - 4 scrolls of teleportation
 e - a scroll of enchant armour
Potions
 h - a potion of haste
 i - a potion of flight
 l - a potion of berserk rage
 m - 3 potions of might
 o - a potion of cancellation
 p - a potion of resistance
 q - 2 potions of brilliance
 w - a potion of lignification
Comestibles
 c - 4 bread rations
 f - 3 royal jellies
 u - 5 chunks of flesh
 z - 6 fruits
 D - a meat ration


   Skills:
 + Level 10.7 Fighting
 * Level 10.6(11.1) Axes
 - Level 5.2(8.6) Maces & Flails
 - Level 0.6 Slings
 - Level 3.6 Armour
 - Level 3.4 Dodging


You had 8 spell levels left.
You didn't know any spells.

Dungeon Overview and Level Annotations

Branches:
Dungeon (10/15)            Temple (1/1) D:4            Lair (0/6) D:10
    Orc: D:9-12

Altars:
Cheibriados
Dithmenos
Fedhas
Gozag
Hepliaklqana
Kikubaaqudgha
Makhleb
Nemelex Xobeh
Okawaru
Qazlal
Ru
Sif Muna
Trog
Uskayaw
Vehumet
Wu Jian
Xom
Yredelemnul
Zin
The Shining One

Shops:
D:5 [   D:9 [   D:10 *

Annotations:
D:10 exclusion: oklob plant


Innate Abilities, Weirdness & Mutations

You reflexively headbutt those who attack you in melee.
You have a pair of horns on your head.


Message History

The killer bee closely misses you. You furiously retaliate!
You headbutt the killer bee!
You kill the killer bee!
Trog accepts your kill. The killer bee stings you.
* * * LOW HITPOINT WARNING * * *
You are more poisoned.
The killer bee poisons you!
The killer bee stings you but does no damage.
The killer bee barely misses you.
Your two-headed ogre closely misses the killer bee.
Your two-headed ogre hits the killer bee with a giant spiked club!!
The killer bee dies!
Trog accepts your kill. The killer bee stings you!
* * * LOW HITPOINT WARNING * * *
You barely miss the killer bee. You miss the killer bee.
* * * LOW HITPOINT WARNING * * *
You feel sick. The killer bee stings you!
You die...

### ##.## ##
##.#y..#...##
#.[..@.......
##.#O†y......
#.........
###.#...##
..#.## .####
##


You could see 2 killer bees and a friendly two-headed ogre (berserk).

Vanquished Creatures
  A gargoyle (D:9)
  2 yaks (D:9)
  A wyvern (D:8)
  A hungry ghost (D:8)
  A water moccasin (D:9)
  Duvessa (D:7)
  An orc warrior (D:8)
  A sky beast (D:9)
  3 ogres
  A centaur (D:7)
  A big kobold (D:7)
  3 bullfrogs
  Dowan (D:7)
  3 scorpions
  2 killer bees (D:10)
  A howler monkey (D:4)
  A crimson imp (D:9)
  A centaur zombie (D:8)
  2 orc priests
  2 jellies
  4 hounds
  An orc wizard (D:7)
  A centaur skeleton (D:4)
  A bullfrog skeleton (D:4)
  6 worker ants
  Robin (D:2)
  A worker ant zombie (D:8)
  A howler monkey skeleton (D:9)
  7 adders
  2 adder skeletons
  2 worms
  2 dart slugs
  A leopard gecko (D:2)
  18 orcs
  2 ball pythons (D:2)
  8 bats
  3 giant cockroaches
  19 goblins
  12 hobgoblins
  3 jackals (D:4)
  3 quokkas
  8 frilled lizards
  13 kobolds
  A leopard gecko skeleton (D:6)
  A quokka skeleton (D:2)
  9 rats
160 creatures vanquished.

Vanquished Creatures (collateral kills)
  A killer bee (D:10)
1 creature vanquished.

Grand Total: 161 creatures vanquished

Notes
Turn   | Place    | Note
-------+----------+-------------------------------------------
     0 | D:1      | krum85 the Minotaur Berserker began the quest for the Orb.
     0 | D:1      | Reached XP level 1. HP: 19/19 MP: 0/0
   294 | D:1      | Reached XP level 2. HP: 24/27 MP: 1/1
   787 | D:2      | Reached ** piety under Trog
   849 | D:2      | Reached XP level 3. HP: 27/33 MP: 2/2
   993 | D:2      | Noticed Robin
  1012 | D:2      | Killed Robin
  1302 | D:3      | Reached XP level 4. HP: 40/40 MP: 3/3
  1654 | D:1      | Reached *** piety under Trog
  2090 | D:2      | Found a shadowy altar of Dithmenos.
  2090 | D:2      | Found an iron altar of Okawaru.
  2091 | D:2      | Found a shimmering altar of Xom.
  2280 | D:3      | Reached XP level 5. HP: 38/47 MP: 4/4
  3165 | D:3      | Found a basalt altar of Yredelemnul.
  3358 | D:4      | Noticed an ogre
  3364 | D:3      | Reached skill level 5 in Fighting
  3400 | D:4      | Killed an ogre
  3400 | D:4      | Reached skill level 5 in Maces & Flails
  3431 | D:5      | Entered Level 5 of the Dungeon
  3436 | D:5      | Reached XP level 6. HP: 56/57 MP: 5/5
  3459 | D:5      | Got a dazzling war axe
  3460 | D:5      | Identified the +3 war axe "Zueqeofe" {antimagic, +Fly MR+} (You found it on level 5 of the Dungeon)
  3549 | D:4      | Reached skill level 1 in Axes
  3713 | D:4      | Found a staircase to the Ecumenical Temple.
  3755 | Temple   | Entered the Ecumenical Temple
  4035 | D:4      | Found a shadowy altar of Dithmenos.
  4110 | D:4      | Reached XP level 7. HP: 66/66 MP: 2/6
  4523 | D:5      | Found Beyghi's Armour Boutique.
  4852 | D:5      | Reached **** piety under Trog
  4997 | D:7      | Reached skill level 5 in Axes
  4997 | D:7      | Reached XP level 8. HP: 64/75 MP: 2/7
  5179 | D:7      | Noticed Duvessa
  5181 | D:7      | Noticed Dowan
  5203 | D:7      | Killed Duvessa
  5205 | D:7      | Killed Dowan
  5301 | D:10     | Entered Level 10 of the Dungeon
  5301 | D:10     | Found a staircase to the Lair.
  5301 | D:10     | Found Lyamot's General Store.
  5301 | D:10     | Noticed an oklob plant
  5382 | D:9      | Noticed a gargoyle
  5391 | D:9      | Killed a gargoyle
  5391 | D:9      | Reached skill level 10 in Fighting
  5391 | D:9      | Reached XP level 9. HP: 85/85 MP: 2/8
  5579 | D:8      | Reached ***** piety under Trog
  5604 | D:8      | Reached skill level 10 in Axes
  5840 | D:9      | Found Aqunem's Antique Armour Shop.
  5943 | D:10     | HP: 3/129 [killer bee (7)]
  5944 | D:10     | HP: 1/129 [poisoned by a killer bee]
  5944 | D:10     | Mangled by a killer bee

Vault maps used:
D:1:      onia_arrival_mini_spirals, minmay_misc_feat_plants
D:2:      gammafunk_temple_overflow_claw, minmay_hexomino_c4, uniq_robin
D:3:      lemuel_round_altar, first_bread
D:4:      minmay_temple_entry_nine_rooms, nicolae_dithmenos_shadow_blocks
D:5:      serial_shops, shop_statue, corexii_item_surrounded_by_moat
D:6:      serial_glass, glass_columns_b, glass_columns_b, st_stairs_14
D:7:      lemuel_coloured_pillars_altar, cheibrodos_ashenzari_chains,
          serial_shops, shop, grunt_livestock, st_stairs_7, grunt_ministairs_1,
          uniq_duvessa
D:8:      serial_shops, nicolae_shop_waterfront
D:9:      serial_shops, shop, nemelex_spade_bored_becter
D:10:     dpeg_oklobed_lair, david_orc_4, serial_shops,
          nicolae_shop_temple_entry_statues_fountains, shop, shop,
          nicolae_shop_statue_plus, kennysheep_mini
Temple:   eino_temple_rhombus

Skill      XL: |  1  2  3  4  5  6  7  8  9 |
---------------+----------------------------+-----
Maces & Flails | 4 5 |  5.2
Fighting       | 4 5 7 8 10 | 10.7
Armour         | 3 |  3.6
Dodging        | 3 |  3.4
Axes           | 2 5 9 10 | 10.6
Slings         | |  0.6

Action                   |  1- 3 |  4- 6 |  7- 9 || total
-------------------------+-------+-------+-------++-------
Melee: Mace              |    56 |    40 |       ||    96
       Headbutt          |     8 |     9 |    20 ||    37
       Blowgun           |       |     1 |       ||     1
       War axe           |       |    27 |   130 ||   157
 Fire: Blowgun           |       |     5 |       ||     5
Throw: Stone             |    73 |     7 |       ||    80
       Javelin           |    18 |    51 |    14 ||    83
       Tomahawk          |       |     1 |     8 ||     9
Invok: Berserk           |     1 |       |     5 ||     6
       Brothers in Arms  |       |       |     1 ||     1
  Use: Scroll            |       |    17 |     3 ||    20
       Potion            |       |       |     1 ||     1
  Eat: Chunk             |     1 |     1 |     8 ||    10
       Bread ration      |     1 |       |       ||     1
       Royal jelly       |       |     2 |     1 ||     3
Armor: Animal skin       |     5 |     5 |       ||    10
       Ring mail         |       |    26 |    18 ||    44
       Leather armour    |       |       |    14 ||    14
Dodge: Dodged            |    39 |    60 |   101 ||   200

Table legend:
 A = Spawn XP
 B = Non-spawn XP
 C = Spawn XP percentage of total XP
 D = Spawn monster count
 E = Non-spawn monster count
 F = Spawn count percentage of total count
 G = Total turns spent on level
                    A         B        C        D         E        F      G
               +---------+---------+-------+---------+---------+-------+---------
         Total |       0 |    4267 |   0.0 |       0 |     161 |   0.0 |  5944
               +---------+---------+-------+---------+---------+-------+---------
           D:1 |       0 |      52 |   0.0 |       0 |      32 |   0.0 |  1089
           D:2 |       0 |      94 |   0.0 |       0 |      39 |   0.0 |  1112
           D:3 |       0 |     113 |   0.0 |       0 |      12 |   0.0 |  1081
           D:4 |       0 |     447 |   0.0 |       0 |      19 |   0.0 |   880
           D:5 |       0 |     378 |   0.0 |       0 |      12 |   0.0 |   585
           D:6 |       0 |      37 |   0.0 |       0 |       2 |   0.0 |    72
           D:7 |       0 |     786 |   0.0 |       0 |      14 |   0.0 |   243
           D:8 |       0 |     991 |   0.0 |       0 |      15 |   0.0 |   408
           D:9 |       0 |    1204 |   0.0 |       0 |      13 |   0.0 |   291
          D:10 |       0 |     165 |   0.0 |       0 |       3 |   0.0 |     8
               +---------+---------+-------+---------+---------+-------+---------
